 Dungeon Crawl Stone Soup version 0.28.0 (webtiles) character file.

Game seed: 12491860081770129247

246 Ayyar the Blocker (level 6, -3/40 (44) HPs)
             Began as a Gnoll Wanderer on Apr 13, 2022.
             Slain by a wight (9 damage)
             ... on level 4 of the Dungeon.
             The game lasted 00:11:22 (3025 turns).

Ayyar the Blocker (Gnoll Wanderer)                  Turns: 3025, Time: 00:11:22

HP:   -3/40 (44)    AC:  6    Str: 11    XL:     6   Next: 11%
MP:   13/13         EV: 12    Int: 16    God:
Gold: 124           SH:  6    Dex: 15    Spells: 14/15 levels left

rFire   . . .      SeeInvis .   a - +0 dagger
rCold   . . .      Faith    .   d - +0 buckler {AC+3}
rNeg    . . .      Spirit   .   c - +0 robe
rPois   .          Reflect  .   (no helmet)
rElec   .          Harm     .   (no cloak)
rCorr   .          Rampage  .   (no gloves)
Will    .....                   v - +0 pair of boots
Stlth   ++........              m - amulet of regeneration
HPRegen 0.93/turn               l - +6 ring of intelligence
MPRegen 0.13/turn               (no ring)

@: drained
A: fangs 1, strong nose, distributed training
a: no special abilities


You were on level 4 of the Dungeon.
You visited 1 branch of the dungeon, and saw 4 of its levels.

You collected 124 gold pieces.

Inventory:

Hand Weapons
 a - a +0 dagger (weapon)
Missiles
 k - 3 boomerangs
Armour
 c - a +0 robe (worn)
 d - a +0 buckler of protection (worn)
 v - a +0 pair of boots (worn)
Jewellery
 l - a +6 ring of intelligence (left hand)
 m - an amulet of regeneration (around neck)
 n - an amulet of guardian spirit
Scrolls
 e - 4 scrolls of teleportation {unknown}
 f - 3 scrolls of identify {unknown}
 g - a scroll of enchant weapon {unknown}
 h - a scroll of vulnerability {unknown}
 p - a scroll of amnesia {unknown}
 r - a scroll of holy word {unknown}
 u - a scroll of fear {unknown}
 x - a scroll of fog {unknown}
Potions
 i - 2 potions of curing {unknown}
 j - a potion of ambrosia {unknown}
 o - a potion of cancellation {unknown}
 q - a potion of brilliance
 s - a potion of might {unknown}
 w - a potion of resistance {unknown}
Miscellaneous
 b - a piece from Xom's chessboard (15/15)


   Skills:
 + Level 1.8 Fighting
 + Level 1.8 Short Blades
 + Level 1.8 Long Blades
 + Level 1.8 Axes
 + Level 1.8 Maces & Flails
 + Level 1.8 Polearms
 + Level 1.8 Staves
 + Level 1.8 Slings
 + Level 1.8 Bows
 + Level 1.8 Crossbows
 + Level 3.1 Throwing
 + Level 1.8 Armour
 + Level 3.1 Dodging
 + Level 1.8 Stealth
 + Level 8.7 Shields
 + Level 1.8 Unarmed Combat
 + Level 5.3 Spellcasting
 + Level 1.4 Conjurations
 + Level 1.4 Hexes
 + Level 1.4 Summonings
 + Level 1.4 Necromancy
 + Level 1.4 Translocations
 + Level 1.4 Transmutations
 + Level 1.4 Fire Magic
 + Level 1.4 Ice Magic
 + Level 1.4 Air Magic
 + Level 1.4 Earth Magic
 + Level 2.5 Poison Magic
 + Level 2.0 Invocations
 + Level 3.1 Evocations


You had 14 spell levels left.
You knew the following spells:

 Your Spells              Type           Power      Damage    Failure   Level
a - Sting                 Tmut/Pois      40%        1d5       9%          1

Your spell library contained the following spells:

 Spells                   Type           Power      Damage    Failure   Level
 Ignite Poison            Fire/Tmut/Pois 10%        N/A       26%         3
 Summon Forest            Summ/Tloc      4%         N/A       96%         5
 Eringya's Noxious Bog    Tmut/Pois      5%         N/A       100%        6
 Summon Hydra             Summ           4%         N/A       100%        7


Dungeon Overview and Level Annotations

Branches:
Dungeon (4/15)
 Temple: D:4-7

Altars:

Annotations:
D:4 2 transporters, Dowan, Duvessa


Innate Abilities, Weirdness & Mutations

You have very sharp teeth.
Your uncanny sense of smell can sniff out nearby items.
Your experience applies equally to all skills.


Message History

You barely miss the wight.
The wight is lightly damaged.
The wight misses you.
Aiming: Throw Flame
Press: ? - help, Shift-Dir - straight line, f/p - wight
Aim: a wight, wielding a +3 trident and wearing a +0 robe (lightly damaged, 71% to hit)
The puff of flame misses the wight.
The puff of flame hits the wight!
You destroy the wight!
The now-empty wand crumbles to dust.
The wight barely misses you.
Your Invocations skill increases to level 2!
You have reached level 6!
You barely miss the wight.
The wight is lightly damaged.
The wight closely misses you.
You hit the wight.
The wight is moderately damaged.
You block the wight's attack.
You hit the wight.
The wight is moderately damaged.
The wight hits you with a +3 trident.
You feel drained.
* * * LOW HITPOINT WARNING * * *
You hit the wight but do no damage.
The wight is moderately damaged.
You block the wight's attack.
You hit the wight but do no damage.
The wight is moderately damaged.
You block the wight's attack.
You hit the wight but do no damage.
The wight is moderately damaged.
The wight hits you with a +3 trident!
* * * LOW HITPOINT WARNING * * *
You feel drained.
* * * LOW HITPOINT WARNING * * *
You barely miss the wight.
The wight is moderately damaged.
You block the wight's attack.
You hit the wight but do no damage.
The wight is moderately damaged.
The wight hits you with a +3 trident!
You die...

#............#
#............# #######
#............# ......#
#######'###### ......#
#.# ####..# #.# #P8#..##
#)# #.P#...# #z#
#..#...#### #@#
+/©#©.....# #.#
#..#....#.######.#####.
#.P#.#..................
#P8#.##.#.###.##########
####. #.#.##.... .....
#.#......... ∆ ....
..............
.$............


You could see a wight.

Vanquished Creatures
  A wight (D:4)
  An iguana (D:3)
  Natasha (thrice) (D:2)
  4 gnolls (D:3)
  2 adders
  2 worms (D:3)
  A dart slug (D:3)
  3 ball pythons
  2 bats
  A giant cockroach (D:3)
  4 goblins
  6 hobgoblins
  4 jackals (D:2)
  4 kobolds
  A quokka (D:2)
  2 frilled lizards (D:2)
  2 rats (D:3)
43 creatures vanquished.

Vanquished Creatures (others)
  2 plants (D:1)
2 creatures vanquished.

Grand Total: 45 creatures vanquished

Notes
Turn   | Place    | Note
-------+----------+-------------------------------------------
     0 | D:1      | Ayyar the Gnoll Wanderer began the quest for the Orb.
     0 | D:1      | Ayyar set off with the following items: a +0 dagger, a
                  | piece from Xom's chessboard (15/15), a +0 robe, a +0
                  | buckler of protection; and the following spell memorised:
                  | Sting; and the following spells available to memorise:
                  | Ignite Poison
     0 | D:1      | Reached XP level 1. HP: 13/13 MP: 6/6
   153 | D:1      | Found a faded altar of an unknown god.
   892 | D:2      | Reached XP level 2. HP: 18/19 MP: 1/7
  1313 | D:2      | Noticed Natasha
  1319 | D:2      | Noticed a crimson imp
  1320 | D:2      | Killed Natasha
  1321 | D:2      | Reached skill level 5 in Spellcasting
  1321 | D:2      | Reached skill level 1 in Invocations
  1321 | D:2      | Reached XP level 3. HP: 25/25 MP: 5/9
  1462 | D:2      | Reached skill level 1 in Fighting
  1462 | D:2      | Reached skill level 1 in Short Blades
  1462 | D:2      | Reached skill level 1 in Long Blades
  1462 | D:2      | Reached skill level 1 in Axes
  1462 | D:2      | Reached skill level 1 in Maces & Flails
  1462 | D:2      | Reached skill level 1 in Polearms
  1462 | D:2      | Reached skill level 1 in Staves
  1462 | D:2      | Reached skill level 1 in Slings
  1462 | D:2      | Reached skill level 1 in Bows
  1462 | D:2      | Reached skill level 1 in Crossbows
  1462 | D:2      | Reached skill level 1 in Armour
  1462 | D:2      | Reached skill level 1 in Stealth
  1462 | D:2      | Reached skill level 1 in Unarmed Combat
  1553 | D:2      | Reached XP level 4. HP: 29/32 MP: 9/11
  1681 | D:2      | Noticed Natasha
  1691 | D:2      | Killed Natasha
  1729 | D:2      | Noticed Natasha
  1737 | D:2      | Killed Natasha
  1738 | D:2      | Reached skill level 1 in Conjurations
  1738 | D:2      | Reached skill level 1 in Hexes
  1738 | D:2      | Reached skill level 1 in Summonings
  1738 | D:2      | Reached skill level 1 in Necromancy
  1738 | D:2      | Reached skill level 1 in Translocations
  1738 | D:2      | Reached skill level 1 in Transmutations
  1738 | D:2      | Reached skill level 1 in Fire Magic
  1738 | D:2      | Reached skill level 1 in Ice Magic
  1738 | D:2      | Reached skill level 1 in Air Magic
  1738 | D:2      | Reached skill level 1 in Earth Magic
  1939 | D:3      | Reached XP level 5. HP: 8/37 MP: 10/12
  2820 | D:4      | Found a transporter.
  2859 | D:4      | Noticed Duvessa
  2859 | D:4      | Noticed Dowan
  2954 | D:4      | Found a transporter.
  3018 | D:4      | Reached XP level 6. HP: 15/42 MP: 13/13
  3025 | D:4      | Slain by a wight

Illustrated notes

Levels and vault maps discovered:
D:1:      arrival_zaba_pyramid, layout_basic,
          shapermc_ecumenical_altar_mp_urbaneastern
D:2:      layout_basic, uniq_natasha
D:3:      layout_basic
D:4:      gammafunk_wand_slinger, layout_basic, serial_bayou_pond_e,
          hangedman_decor_clover_reticule, uniq_duvessa

Skill      XL: |  1  2  3  4  5 |
---------------+----------------+-----
Poison Magic   | 2 |  2.5
Spellcasting   | 5 |  5.3
Invocations    | 1 2 |  2.0
Fighting       | 1 |  1.8
Short Blades   | 1 |  1.8
Long Blades    | 1 |  1.8
Axes           | 1 |  1.8
Maces & Flails | 1 |  1.8
Polearms       | 1 |  1.8
Staves         | 1 |  1.8
Slings         | 1 |  1.8
Bows           | 1 |  1.8
Crossbows      | 1 |  1.8
Armour         | 1 |  1.8
Stealth        | 1 |  1.8
Unarmed Combat | 1 |  1.8
Conjurations   | 1 |  1.4
Hexes          | 1 |  1.4
Summonings     | 1 |  1.4
Necromancy     | 1 |  1.4
Translocations | 1 |  1.4
Transmutations | 1 |  1.4
Fire Magic     | 1 |  1.4
Ice Magic      | 1 |  1.4
Air Magic      | 1 |  1.4
Earth Magic    | 1 |  1.4
Throwing       | 3 |  3.1
Dodging        | 3 |  3.1
Evocations     | 3 |  3.1
Shields        | |  8.7

Action                   |  1- 3 |  4- 6 || total
-------------------------+-------+-------++-------
Melee: Dagger            |   115 |    98 ||   213
       Bite              |    13 |     9 ||    22
Throw: Boomerang         |       |     5 ||     5
 Cast: Sting             |    18 |    29 ||    47
Evoke: Wand              |       |     6 ||     6
 Stab: Sleeping          |       |     1 ||     1
Armor: Robe              |    32 |    16 ||    48
Dodge: Dodged            |    56 |    38 ||    94
Block: Buckler           |    32 |    30 ||    62
